 Dungeon Crawl Stone Soup version 0.26-a0-812-g31a745ddcd (webtiles) character file.

Game seed: 8936499650793952208

56 raph the Magician (level 3, -1/26 HPs)
             Began as a Draconian Hedge Wizard on Nov 26, 2020.
             Succumbed to a kobold's poison
             ... on level 3 of the Dungeon.
             The game lasted 00:04:03 (1867 turns).

raph the Magician (Draconian Hedge Wizard)          Turns: 1867, Time: 00:04:04

Health: -1/26      AC:  7    Str: 12    XL:     3   Next: 71%
Magic:  0/7        EV: 12    Int: 15    God:
Gold:   97         SH:  0    Dex: 10    Spells: 0/8 levels left

rFire    . . .     SeeInvis .   d - +4 dagger (vamp)
rCold    . . .     Faith    .   (no shield)
rNeg     . . .     Spirit   .   (armour unavailable)
rPois    .         Reflect  .   b - +0 hat
rElec    .         Harm     .   (no cloak)
rCorr    .         Rampage  .   i - +0 pair of gloves
MR       .....                  j - +0 pair of boots
Stlth    ++........             (no amulet)
HPRegen  0.08/turn              (no ring)
MPRegen  0.10/turn              (no ring)

@: lethally poisoned (-1 -> -18)
A: unfitting armour, cold-blooded, AC +5
a: no special abilities


You were on level 3 of the Dungeon.
You visited 1 branch of the dungeon, and saw 3 of its levels.

You collected 97 gold pieces.

Inventory:

Hand Weapons
 a - a +0 dagger
 d - a +4 vampiric dagger (weapon)
Missiles
 e - 15 poisoned darts (quivered)
Armour
 b - a +0 hat (worn)
 f - a +0 buckler
 i - a +0 pair of gloves (worn)
 j - a +0 pair of boots (worn)
Wands
 q - a wand of polymorph (11)
Scrolls
 k - a scroll of immolation {unknown}
 m - 2 scrolls of remove curse
 n - a scroll of teleportation {unknown}
 p - a scroll of magic mapping {unknown}
Potions
 c - a potion of magic {unknown}
 g - a potion of lignification {unknown}
 h - a potion of curing {unknown}
 l - a potion of cancellation {unknown}
 o - a potion of berserk rage {unknown}
 r - a potion of flight {unknown}


   Skills:
 - Level 1.9 Dodging
 - Level 2.0 Stealth
 * Level 1.3 Shields
 - Level 3.1 Spellcasting
 + Level 2.0 Conjurations
 + Level 1.5 Summonings
 + Level 1.5 Translocations


You couldn't memorise any spells.
You knew the following spells:

 Your Spells              Type           Power        Failure   Level
a - Magic Dart            Conj           #...         9%          1
b - Blink                 Tloc           N/A          16%         2
c - Call Imp              Summ           #.......     16%         2
d - Conjure Flame         Conj/Fire      #.......     36%         3

Your spell library contained the following spells:

 Spells                   Type           Power        Failure   Level
 Slow                     Hex            #.......     30%         2
 Mephitic Cloud           Conj/Pois/Air  #.......     41%         3


Dungeon Overview and Level Annotations

Branches:
Dungeon (3/15)

Altars:
Wu Jian

Annotations:
D:2 Sigmund


Innate Abilities, Weirdness & Mutations

Your plain brown scales are hard. (AC +5)
You cannot fit into any form of body armour.
You are cold-blooded and may be slowed by cold attacks.


Message History

Aiming: Magic Dart (safe; 9% risk of failure)
Press: ? - help, Shift-Dir - straight line, f/p - ice beast
Aim: an ice beast (almost dead)
The magic dart hits the ice beast.
The ice beast is almost dead.
The ice beast hits you. The ice beast freezes you!
* * * LOW HITPOINT WARNING * * *
A kobold comes into view.
It is wielding a +0 whip and quivering 6 poisoned darts.
The kobold throws a poisoned dart.
The poisoned dart hits you!
You are lethally poisoned!
You see here a poisoned dart.
* * * LOW HITPOINT WARNING * * *
You feel sick.
The kobold throws a poisoned dart.
The poisoned dart hits you!
You are more poisoned.
You see here a poisoned dart.
* * * LOW HITPOINT WARNING * * *
You feel sick.
The kobold throws a poisoned dart.
The poisoned dart barely misses you.
You see here a poisoned dart.
You die...

#.... ...# ... ...
#.# ####.#
#....##.###
#.#.@..#..
#.#(###.#### .(#
#..Y.(<...K. ### ..
#...(...#### .....
###.......# #. ..#.
...........###.#
#..
####...........#
#.#
..........###.###.#
........†.#
#.....##


You could see an ice beast.

Vanquished Creatures
  2 adders (D:2)
  4 leopard geckos
  2 giant cockroaches (D:1)
  6 hobgoblins
  3 kobolds
  A quokka (D:2)
  A ball python (D:2)
  4 bats
  A frilled lizard (D:1)
  4 goblins
  5 rats
33 creatures vanquished.

Vanquished Creatures (collateral kills)
  A frilled lizard (D:2)
1 creature vanquished.

Grand Total: 34 creatures vanquished

Notes
Turn   | Place    | Note
-------+----------+-------------------------------------------
     0 | D:1      | raph the Draconian Hedge Wizard began the quest for the
                  | Orb.
     0 | D:1      | Reached XP level 1. HP: 14/14 MP: 4/4
   318 | D:1      | Reached XP level 2. HP: 13/20 MP: 6/6
   425 | D:1      | Learned a level 2 spell: Blink
   428 | D:1      | Learned a level 2 spell: Call Imp
  1231 | D:2      | Reached XP level 3. HP: 25/26 MP: 7/7
  1276 | D:2      | Learned a level 3 spell: Conjure Flame
  1352 | D:2      | Reached skill level 1 in Shields
  1373 | D:2      | Noticed Sigmund
  1792 | D:3      | Found an ornate altar of the Wu Jian Council.
  1826 | D:3      | Noticed an ice beast
  1866 | D:3      | HP: 1/26 [poisoned by a kobold]
  1867 | D:3      | Succumbed to a kobold's poison

Illustrated notes

Levels and vault maps discovered:
D:1:      dpeg_arrival_water_temple_mockup, layout_loops_corners
D:2:      layout_basic, elyvilon_altar_4, lemuel_coloured_pillars_altar,
          uniq_sigmund
D:3:      layout_loops_ring, lemuel_crystal_altar, trog_hazing_becter

Skill      XL: |  1  2  3 |
---------------+----------+-----
Stealth        | 2 |  2.0
Shields        | 1 |  1.3
Conjurations   | 2 |  2.0
Dodging        | |  1.9
Spellcasting   | |  3.1
Summonings     | |  1.5
Translocations | |  1.5

Action                   || total
-------------------------++-------
Melee: Dagger            ||    75
       Tailslap          ||     7
 Cast: Magic Dart        ||    28
       Call Imp          ||     4
  Use: Scroll            ||     1
 Stab: Sleeping          ||     5
Armor: Skin              ||    18
Dodge: Dodged            ||    41

Table legend: (Time is in decaauts)
 A = Elapsed time spent in this place.
 B = Non-inter-level travel time spent in this place.
 C = Inter-level travel time spent in this place.
 D = Time resting spent in this place.
 E = Time spent auto-exploring this place.
 F = Levels seen in this place.
 G = Mean time per level.
                   A        B        C        D        E       F      G
               +--------+--------+--------+--------+--------+-----+--------+
         Total |   1866 |   1835 |     31 |    524 |    927 |   3 |  622.0 |
       Dungeon |   1866 |   1835 |     31 |    524 |    927 |   3 |  622.0 |
               +--------+--------+--------+--------+--------+-----+--------+

Top non-repeatable levels by time:
     D:1: 1006 daAuts
     D:3: 471 daAuts
     D:2: 387 daAuts
